TOP OF THE 1ST |
Rio Grande Rattlesnake batting - Pitching for Buffalo LightSabres : RHP Stan Payne
|
Pitching: RHP Stan Payne
|
|
Batting: RHB David Suarze
|
0-0: Ball 1-0: Called Strike 1-1: Ball 2-1: Foul Ball, location: 2F 2-2: Foul Ball, location: 2F 2-2: Ball 3-2: Base on Balls
|
Batting: RHB Paul Martin
|
0-0: Ball 1-0: Ball 2-0: Called Strike 2-1: SINGLE (Line Drive, 7LS) David Suarze to second
|
Batting: RHB Hollis Wood
|
0-0: Ball 1-0: Ball 2-0: Ball 3-0: Base on Balls David Suarze to third Paul Martin to second
|
Batting: RHB Miguel Hernández
|
0-0: Called Strike 0-1: Ball 1-1: Foul Ball, location: 2F 1-2: Foul Ball, location: 2F 1-2: Foul Ball, location: 2F 1-2: Foul Ball, location: 2F 1-2: Foul Ball, location: 2F 1-2: TRIPLE (Flyball, 8LD) David Suarze scores Paul Martin scores Hollis Wood scores
|
Batting: RHB Gilberto Silva
|
0-0: Ball 1-0: Fly out, F8 (Flyball, 78M) Runner from 3rd tags up, SCORES, throw made
|
Batting: RHB Joe Courtier
|
0-0: Ground out 4-3 (Groundball, 4)
|
Batting: LHB Alberto Roberts
|
0-0: Called Strike 0-1: Ground out 6-3 (Groundball, 6)
|
Top of the 1st over - 4 run(s), 2 hit(s), 0 error(s), 0 left on base; Rio Grande 4 - Buffalo 0 |
BOTTOM OF THE 1ST |
Buffalo LightSabres batting - Pitching for Rio Grande Rattlesnake : RHP Gustavo Ramos
|
Pitching: RHP Gustavo Ramos
|
|
Batting: SHB Barrett Bowden
|
0-0: Fly out, F7 (Flyball, 7LS)
|
Batting: LHB Leslie Adams
|
0-0: Foul Ball, location: 2F 0-1: Ground out 6-3 (Groundball, 56)
|
Batting: LHB Zack Payton
|
0-0: Swinging Strike 0-1: Ball 1-1: Foul Ball, location: 2F 1-2: Foul Ball, location: 2F 1-2: Ball 2-2: Fly out, F8 (Flyball, 8LD)
|
Bottom of the 1st over - 0 run(s), 0 hit(s), 0 error(s), 0 left on base; Rio Grande 4 - Buffalo 0 |
TOP OF THE 2ND |
Rio Grande Rattlesnake batting - Pitching for Buffalo LightSabres : RHP Stan Payne
|
Batting: RHB Jeff Bane
|
0-0: Called Strike 0-1: Foul Ball, location: 2F 0-2: Strikes out looking
|
Batting: SHB Jeremy Holmes
|
0-0: Ball 1-0: Called Strike 1-1: Foul Ball, location: 2F 1-2: Foul Ball, location: 2F 1-2: Foul Ball, location: 2F 1-2: SINGLE (Groundball, 4MD)
|
Batting: RHB David Suarze
|
0-0: Ball 1-0: Ball 2-0: Fly out, F8 (Flyball, 8RXD) Runner from 1st tags up, SAFE at 2nd
|
Batting: RHB Paul Martin
|
0-0: Called Strike 0-1: Foul Ball, location: 2F 0-2: Ball 1-2: Ball 2-2: Fly out, F7 (Flyball, 78D)
|
Top of the 2nd over - 0 run(s), 1 hit(s), 0 error(s), 1 left on base; Rio Grande 4 - Buffalo 0 |
BOTTOM OF THE 2ND |
Buffalo LightSabres batting - Pitching for Rio Grande Rattlesnake : RHP Gustavo Ramos
|
Batting: RHB John Warren
|
0-0: SINGLE (Line Drive, 89S)
|
Batting: LHB Craig Kenney
|
0-0: Fly out, F7 (Line Drive, 7LD)
|
Batting: LHB Rob Davidson
|
0-0: Foul Ball, location: 2F 0-1: Ball 1-1: Swinging Strike 1-2: Foul Ball, location: 2F 1-2: Foul Ball, location: 2F 1-2: Foul Ball, location: 2F 1-2: Strikes out looking
|
Batting: SHB Clifton Hampton
|
0-0: Ball 1-0: Ball 2-0: Called Strike 2-1: Swinging Strike 2-2: Strikes out swinging
|
Bottom of the 2nd over - 0 run(s), 1 hit(s), 0 error(s), 1 left on base; Rio Grande 4 - Buffalo 0 |
TOP OF THE 3RD |
Rio Grande Rattlesnake batting - Pitching for Buffalo LightSabres : RHP Stan Payne
|
Batting: RHB Hollis Wood
|
0-0: Called Strike 0-1: Foul Ball, location: 2F 0-2: Ball 1-2: Foul Ball, location: 2F 1-2: Ball 2-2: Foul Ball, location: 2F 2-2: Strikes out swinging
|
Batting: RHB Miguel Hernández
|
0-0: Ball 1-0: Swinging Strike 1-1: Ball 2-1: Swinging Strike 2-2: Strikes out looking
|
Batting: RHB Gilberto Silva
|
0-0: Ball 1-0: Fly out, F7 (Flyball, 7)
|
Top of the 3rd over - 0 run(s), 0 hit(s), 0 error(s), 0 left on base; Rio Grande 4 - Buffalo 0 |
BOTTOM OF THE 3RD |
Buffalo LightSabres batting - Pitching for Rio Grande Rattlesnake : RHP Gustavo Ramos
|
Batting: RHB Augusto Padilla
|
0-0: Ball 1-0: DOUBLE (Flyball, 8RXD)
|
Batting: RHB Pedro Romero
|
0-0: SINGLE (Groundball, 6D) Augusto Padilla to third
|
Batting: SHB Barrett Bowden
|
0-0: Ball 1-0: Foul Ball, location: 2F 1-1: Called Strike 1-2: Foul Ball, location: 2F 1-2: Ball 2-2: Foul Ball, location: 2F 2-2: 3-RUN HOME RUN (Flyball, 78XD), Distance : 408 ft
|
Batting: LHB Leslie Adams
|
0-0: Ball 1-0: Reached on error, E3 (Groundball, 34)
|
Batting: LHB Zack Payton
|
0-0: Ball 1-0: Ball 2-0: Grounds into double play, 6-4-3 (Groundball, 6)
|
Batting: RHB John Warren
|
0-0: Ball 1-0: Called Strike 1-1: Ball 2-1: Called Strike 2-2: Ball 3-2: Base on Balls
|
Batting: LHB Craig Kenney
|
0-0: Ball 1-0: Called Strike 1-1: SINGLE (Line Drive, 56D) John Warren to second
|
Batting: LHB Rob Davidson
|
0-0: Ball 1-0: Ball 2-0: Foul Ball, location: 2F 2-1: Foul Ball, location: 2F 2-2: Ball 3-2: Ground out U3 (Groundball, 34)
|
Bottom of the 3rd over - 3 run(s), 4 hit(s), 1 error(s), 2 left on base; Rio Grande 4 - Buffalo 3 |
TOP OF THE 4TH |
Rio Grande Rattlesnake batting - Pitching for Buffalo LightSabres : RHP Stan Payne
|
Batting: RHB Joe Courtier
|
0-0: Ball 1-0: Swinging Strike 1-1: Ball 2-1: Called Strike 2-2: Ball 3-2: Ground out 1-3 (Groundball, 13S)
|
Batting: LHB Alberto Roberts
|
0-0: Ball 1-0: Ball 2-0: Called Strike 2-1: SINGLE (Line Drive, 9S)
|
Batting: RHB Jeff Bane
|
0-0: Called Strike 0-1: Fly out, F4 (Line Drive, 4M)
|
Batting: SHB Jeremy Holmes
|
0-0: Called Strike 0-1: Called Strike Alberto Roberts is caught stealing 2nd base
|
Top of the 4th over - 0 run(s), 1 hit(s), 0 error(s), 0 left on base; Rio Grande 4 - Buffalo 3 |
BOTTOM OF THE 4TH |
Buffalo LightSabres batting - Pitching for Rio Grande Rattlesnake : RHP Gustavo Ramos
|
Batting: SHB Clifton Hampton
|
0-0: Called Strike 0-1: Ball 1-1: Bunted foul 1-2: Ball 2-2: Ball 3-2: Base on Balls
|
Batting: RHB Augusto Padilla
|
0-0: Called Strike 0-1: Foul Ball, location: 2F 0-2: Ball 1-2: Foul Ball, location: 2F 1-2: Ball 2-2: Fielders Choice at 2nd, 5-4 (Groundball, 56)
|
Batting: RHB Pedro Romero
|
0-0: SINGLE (Groundball, 56D) Augusto Padilla to second
|
Batting: SHB Barrett Bowden
|
0-0: Called Strike 0-1: Called Strike 0-2: Ball 1-2: Foul Ball, location: 2F 1-2: Ball 2-2: Ball 3-2: Strikes out swinging
|
Batting: LHB Leslie Adams
|
0-0: Foul Ball, location: 2F 0-1: Foul Ball, location: 2F 0-2: Ball 1-2: Ball 2-2: Ball 3-2: Strikes out looking
|
Bottom of the 4th over - 0 run(s), 1 hit(s), 0 error(s), 2 left on base; Rio Grande 4 - Buffalo 3 |
TOP OF THE 5TH |
Rio Grande Rattlesnake batting - Pitching for Buffalo LightSabres : RHP Stan Payne
|
Batting: SHB Jeremy Holmes
|
0-0: Called Strike 0-1: Called Strike 0-2: Ball 1-2: Ball 2-2: Ball 3-2: Ground out U3 (Groundball, 3)
|
Batting: RHB David Suarze
|
0-0: Ball 1-0: Swinging Strike 1-1: Ball 2-1: Ball 3-1: Foul Ball, location: 2F 3-2: Base on Balls
|
Batting: RHB Paul Martin
|
0-0: Ball David Suarze is caught stealing 2nd base 1-0: Ball 2-0: Ball 3-0: Called Strike 3-1: Foul Ball, location: 2F 3-2: Foul Ball, location: 2F 3-2: Foul Ball, location: 2F 3-2: Foul Ball, location: 2F 3-2: Foul Ball, location: 2F 3-2: Ground out 4-3 (Groundball, 4)
|
Top of the 5th over - 0 run(s), 0 hit(s), 0 error(s), 0 left on base; Rio Grande 4 - Buffalo 3 |
BOTTOM OF THE 5TH |
Buffalo LightSabres batting - Pitching for Rio Grande Rattlesnake : RHP Gustavo Ramos
|
Batting: LHB Zack Payton
|
0-0: Called Strike 0-1: Ball 1-1: Foul Ball, location: 2F 1-2: SINGLE (Groundball, 5D)
|
Pitching: RHP Nelson Britt
|
|
Batting: RHB John Warren
|
0-0: Called Strike 0-1: Ball 1-1: Swinging Strike 1-2: Ball 2-2: Strikes out looking
|
Batting: LHB Craig Kenney
|
0-0: Called Strike 0-1: Ball 1-1: Foul Ball, location: 2F 1-2: Ball 2-2: Foul Ball, location: 2F 2-2: Ball 3-2: Foul Ball, location: 2F 3-2: Foul Ball, location: 2F 3-2: Foul Ball, location: 2F 3-2: Base on Balls Zack Payton to second
|
Batting: LHB Rob Davidson
|
0-0: Called Strike
|
|
|
|
0-1: Ball 1-1: Ball 2-1: Foul Ball, location: 2F 2-2: Ball 3-2: Strikes out swinging
|
Batting: SHB Clifton Hampton
|
0-0: Fly out, F3 (Popup, 3L)
|
Bottom of the 5th over - 0 run(s), 1 hit(s), 0 error(s), 2 left on base; Rio Grande 4 - Buffalo 3 |
TOP OF THE 6TH |
Rio Grande Rattlesnake batting - Pitching for Buffalo LightSabres : RHP Stan Payne
|
Pitching: RHP Pat Jackson
|
|
Batting: RHB Hollis Wood
|
0-0: Foul Ball, location: 2F 0-1: Fly out, F7 (Line Drive, 7)
|
Batting: RHB Miguel Hernández
|
0-0: Ball 1-0: Foul Ball, location: 2F 1-1: Foul Ball, location: 2F 1-2: Foul Ball, location: 2F 1-2: Ball 2-2: SINGLE (Groundball, 3D)
|
Batting: RHB Gilberto Silva
|
0-0: Foul Ball, location: 2F 0-1: Swinging Strike 0-2: Ball 1-2: Foul Ball, location: 2F 1-2: Ball 2-2: Grounds into double play, 6-4-3 (Groundball, 56)
|
Top of the 6th over - 0 run(s), 1 hit(s), 0 error(s), 0 left on base; Rio Grande 4 - Buffalo 3 |
BOTTOM OF THE 6TH |
Buffalo LightSabres batting - Pitching for Rio Grande Rattlesnake : RHP Nelson Britt
|
Batting: RHB Augusto Padilla
|
0-0: Ball 1-0: Fly out, F7 (Flyball, 7)
|
Batting: RHB Pedro Romero
|
0-0: Swinging Strike 0-1: Ball 1-1: Swinging Strike 1-2: Strikes out looking
|
Batting: SHB Barrett Bowden
|
0-0: Ground out 1-6-3 (Groundball, 15S)
|
Bottom of the 6th over - 0 run(s), 0 hit(s), 0 error(s), 0 left on base; Rio Grande 4 - Buffalo 3 |
TOP OF THE 7TH |
Rio Grande Rattlesnake batting - Pitching for Buffalo LightSabres : RHP Pat Jackson
|
Batting: RHB Joe Courtier
|
0-0: Ball 1-0: Ball 2-0: Called Strike 2-1: Called Strike 2-2: Strikes out swinging
|
Batting: LHB Alberto Roberts
|
0-0: Swinging Strike 0-1: Ball 1-1: Called Strike 1-2: Ball 2-2: Ball 3-2: Base on Balls
|
Pinch Runner at 1st Chris Charles:
|
|
Pinch Hitting: SHB William Daly
|
0-0: Ball 1-0: Ball 2-0: Ball 3-0: Base on Balls Chris Charles to second
|
Pinch Hitting: RHB Iván De Jesús
|
0-0: Called Strike Chris Charles steals 3rd base William Daly to second 0-1: Called Strike 0-2: SINGLE (Groundball, 56) Chris Charles scores William Daly to third Runner from 3rd tries for Home, SAFE, no throw
|
Batting: RHB David Suarze
|
0-0: Ball 1-0: Called Strike 1-1: Foul Ball, location: 2F 1-2: Fly out, F4 (Popup, 3D)
|
Batting: RHB Paul Martin
|
0-0: Ball 1-0: Called Strike 1-1: Ball 2-1: Ball 3-1: Foul Ball, location: 2F 3-2: Ground out 1-3 (Groundball, P)
|
Top of the 7th over - 2 run(s), 1 hit(s), 0 error(s), 1 left on base; Rio Grande 6 - Buffalo 3 |
BOTTOM OF THE 7TH |
Buffalo LightSabres batting - Pitching for Rio Grande Rattlesnake : RHP Nelson Britt
|
Now at 2B: Chris Charles
|
|
Now in LF: William Daly
|
|
Now in CF: Doug Delaney
|
|
Batting: LHB Leslie Adams
|
0-0: Called Strike 0-1: Swinging Strike 0-2: Foul Ball, location: 2F 0-2: Ball 1-2: Strikes out swinging
|
Batting: LHB Zack Payton
|
0-0: Ball 1-0: Ball 2-0: Swinging Strike 2-1: Foul Ball, location: 2F 2-2: Strikes out swinging
|
Batting: RHB John Warren
|
0-0: Ball 1-0: Ball 2-0: Foul Ball, location: 2F 2-1: Ball 3-1: Foul Ball, location: 2F 3-2: Fly out, F6 (Popup, 56D)
|
Bottom of the 7th over - 0 run(s), 0 hit(s), 0 error(s), 0 left on base; Rio Grande 6 - Buffalo 3 |
TOP OF THE 8TH |
Rio Grande Rattlesnake batting - Pitching for Buffalo LightSabres : RHP Pat Jackson
|
Pitching: RHP Gavin Robbins
|
|
Batting: RHB Hollis Wood
|
0-0: Ball 1-0: Ball 2-0: Called Strike 2-1: Ball 3-1: Base on Balls
|
Batting: RHB Miguel Hernández
|
0-0: Foul Ball, location: 2F 0-1: Fly out, F5 (Popup, 56)
|
Batting: RHB Gilberto Silva
|
0-0: Ball 1-0: Ball 2-0: Called Strike 2-1: Ball 3-1: Grounds into double play, 6-4-3 (Groundball, 6)
|
Top of the 8th over - 0 run(s), 0 hit(s), 0 error(s), 0 left on base; Rio Grande 6 - Buffalo 3 |
BOTTOM OF THE 8TH |
Buffalo LightSabres batting - Pitching for Rio Grande Rattlesnake : RHP Nelson Britt
|
Pitching: RHP Adrián Mora
|
|
Batting: LHB Craig Kenney
|
0-0: Called Strike 0-1: Called Strike 0-2: Ball 1-2: Ground out 5-3 (Groundball, 56D)
|
Batting: LHB Rob Davidson
|
0-0: Ball 1-0: Ball 2-0: Foul Ball, location: 2F 2-1: Foul Ball, location: 2F 2-2: Strikes out swinging
|
Batting: SHB Clifton Hampton
|
0-0: Ball 1-0: Ball 2-0: Swinging Strike 2-1: Ground out 3-1 (Groundball, 34)
|
Bottom of the 8th over - 0 run(s), 0 hit(s), 0 error(s), 0 left on base; Rio Grande 6 - Buffalo 3 |
TOP OF THE 9TH |
Rio Grande Rattlesnake batting - Pitching for Buffalo LightSabres : RHP Gavin Robbins
|
Batting: RHB Joe Courtier
|
0-0: Called Strike 0-1: Ball 1-1: Called Strike 1-2: Strikes out swinging
|
Batting: SHB Chris Charles
|
0-0: Ball 1-0: SINGLE (Line Drive, 56)
|
Batting: SHB William Daly
|
0-0: Ball 1-0: Ball 2-0: Ball 3-0: Base on Balls Chris Charles to second
|
Batting: RHB Doug Delaney
|
0-0: Ball Chris Charles steals 3rd base William Daly to second 1-0: Foul Ball, location: 2F 1-1: Swinging Strike 1-2: Strikes out swinging
|
Pitching: LHP Bobby MacGruder
|
|
Batting: RHB David Suarze
|
0-0: Called Strike 0-1: Foul Ball, location: 2F 0-2: Strikes out swinging, 2-3 out at first.
|
Top of the 9th over - 0 run(s), 1 hit(s), 0 error(s), 2 left on base; Rio Grande 6 - Buffalo 3 |
BOTTOM OF THE 9TH |
Buffalo LightSabres batting - Pitching for Rio Grande Rattlesnake : RHP Adrián Mora
|
Pitching: RHP Juan Gutiérrez
|
|
Batting: RHB Augusto Padilla
|
0-0: Called Strike 0-1: Ball 1-1: Bunt for hit - play at first, batter OUT! 1-3
|
Batting: RHB Pedro Romero
|
0-0: Called Strike 0-1: Foul Ball, location: 2F 0-2: Ball 1-2: Strikes out looking
|
Batting: SHB Barrett Bowden
|
0-0: Called Strike 0-1: Foul Ball, location: 2F 0-2: Strikes out swinging
|
Bottom of the 9th over - 0 run(s), 0 hit(s), 0 error(s), 0 left on base; Rio Grande 6 - Buffalo 3 |
|
Tuesday, August 8th, 2017 - OOTP Baseball 17.12 Build 75
|
|